 Dungeon Crawl Stone Soup version 0.24-a0-789-g35933f4585 (webtiles) character file.

Game seed: 5716705148554641573, levelgen mode: deterministic

68 Briareos2 the Firebug (level 3, 0/26 HPs)
             Began as a Demigod Fire Elementalist on Oct 10, 2019.
             Slain by a goblin (2 damage)
             ... led by Robin
             ... on level 2 of the Dungeon.
             The game lasted 00:09:28 (1746 turns).

Briareos2 the Firebug (Demigod Fire Elementalist)   Turns: 1746, Time: 00:09:28

Health: 0/26       AC:  3    Str: 13    XL:     3   Next: 73%
Magic:  8/8        EV: 11    Int: 19    God:
Gold:   89         SH:  0    Dex: 16    Spells: 3/6 levels left

rFire    . . .     SeeInvis .   y - +1 dagger (holy)
rCold    . . .     Gourm    .   (no shield)
rNeg     . . .     Faith    .   f - +0 ring mail
rPois    .         Spirit   .   (no helmet)
rElec    .         Reflect  .   (no cloak)
rCorr    .         Harm     .   e - +0 pair of gloves
MR       .....                  (no boots)
Stlth    +.........             (no amulet)
HPRegen  0.08/turn              (no ring)
MPRegen  0.11/turn              (no ring)

@: no status effects
A: deformed body, high mp 1, subdued magic 1
a: no special abilities


You were on level 2 of the Dungeon.
You were not hungry.

You visited 1 branch of the dungeon, and saw 3 of its levels.

You collected 89 gold pieces.

Inventory:

Hand Weapons
 b - a +0 flail
 d - a +2 dagger of distortion
 k - a +0 dagger
 l - a +0 mace
 m - a +0 dagger
 n - a +0 spear
 o - a +0 hunting sling
 p - a +0 falchion
 q - a +0 dagger
 t - a +0 spear
 y - a +1 dagger of holy wrath (weapon)
Missiles
 r - 17 stones (quivered)
Armour
 a - a +0 robe
 e - a +0 pair of gloves (worn)
 f - a +0 ring mail (worn)
 h - a +0 leather armour
Scrolls
 v - a scroll of magic mapping
 z - a scroll of fog
Potions
 g - 2 potions of agility {unknown}
 i - a potion of invisibility {unknown}
 j - a potion of cancellation {unknown}
 s - 3 potions of curing {unknown}
 u - a potion of brilliance {unknown}
Comestibles
 c - 4 rations
 w - 3 chunks of flesh


   Skills:
 + Level 0.4 Short Blades
 + Level 0.4 Armour
 + Level 2.3 Dodging
 + Level 2.0 Stealth
 + Level 2.2 Spellcasting
 + Level 0.8 Conjurations
 + Level 3.5 Fire Magic


You had 3 spell levels left.
You knew the following spells:

 Your Spells              Type           Power        Failure   Level  Hunger
a - Flame Tongue          Conj/Fire      #....        12%         1    #......
b - Throw Flame           Conj/Fire      #.....       19%         2    ##.....

Your spell library contained the following spells:

 Spells                   Type           Power        Failure   Level  Hunger
 Conjure Flame            Conj/Fire      #.......     34%         3    ###....
 Inner Flame              Hex/Fire       #.......     41%         3    ###....
 Sticky Flame             Conj/Fire      #.......     77%         4    #####..
 Fireball                 Conj/Fire      #.........   98%         5    ######.


Dungeon Overview and Level Annotations

Branches:
Dungeon (3/15)

Annotations:
D:3 Robin


Innate Abilities, Weirdness & Mutations

You have an increased reservoir of magic. (+10% MP)
Armour fits poorly on your strangely shaped body.
Your spells are a little easier to cast, but a little less powerful.


Message History

You climb upwards.
There is a stone staircase leading down here.
You barely miss the goblin. The goblin hits you but does no damage.
The hobgoblin hits you with a +0 club.
* * * LOW HITPOINT WARNING * * *
The goblin barely misses you.
You closely miss the goblin. The goblin hits you but does no damage.
The hobgoblin hits you with a +0 club.
* * * LOW HITPOINT WARNING * * *
The goblin barely misses you.
You hit the goblin.
You kill the goblin!
The goblin closely misses you.
The hobgoblin hits you but does no damage.
You barely miss the goblin. The goblin barely misses you.
The goblin closely misses you. The hobgoblin closely misses you.
You hit the goblin.
The goblin is almost dead.
The goblin closely misses you. The goblin hits you.
You die...

#.##.# #.# ####.#
#.##.# #.# #....#
#.##.# #.#
#.##.##
#.##.###.#
#.....#
#......#.########
#.^^^.#
#.#..#.#........#
#.^_^.#
#.#.##.########.#
#.^^..# #...##.#
#gg# #.....#
#.#.##.# #@##
#.#.###
#.#)##.#######g#
#...#
#.#..........#.#
#.###
#.#.##.#####.#.#
#.# #.#.##.#
#.#.# #.#
#.#.##.#
#.#.####.#
#......#
#..>.....#
###.####
###.###### #.#
#.###


You could see a hobgoblin and 2 goblins.

Vanquished Creatures
  4 gnolls (D:2)
  An orc (D:3)
  2 giant cockroaches
  11 goblins
  A quokka (D:3)
  2 bats
  3 frilled lizards
  3 kobolds
  3 rats
30 creatures vanquished.

Vanquished Creatures (others)
  A bat (D:3)
  A goblin (D:3)
2 creatures vanquished.

Grand Total: 32 creatures vanquished

Notes
Turn   | Place    | Note
-------+----------+-------------------------------------------
     0 | D:1      | Briareos2 the Demigod Fire Elementalist began the quest for
                  | the Orb.
     0 | D:1      | Reached XP level 1. HP: 14/14 MP: 5/5
   275 | D:1      | Reached skill level 3 in Fire Magic
   368 | D:1      | Reached XP level 2. HP: 20/20 MP: 7/7
   376 | D:1      | Learned a level 2 spell: Throw Flame
   695 | D:2      | Reached XP level 3. HP: 7/26 MP: 1/8
   699 | D:2      | HP: 1/26 [gnoll/+0 flail (6)]
  1041 | D:2      | Found a glowing golden altar of the Shining One.
  1273 | D:2      | Found a shimmering altar of Xom.
  1317 | D:2      | Gained mutation: Your spells are a little easier to cast,
                  | but a little less powerful. [mutagenic glow]
  1363 | D:3      | Gained mutation: Armour fits poorly on your strangely
                  | shaped body. [mutagenic glow]
  1530 | D:3      | Noticed Robin
  1746 | D:2      | Slain by a goblin

Levels and vault maps discovered:
D:1:      lightli_arrival_boilingwater, layout_rooms
D:2:      layout_loops_ring, nicolae_tso_swordbearing_angel, xom_teletrap_fun
D:3:      layout_loops_ring, uniq_jessica, uniq_robin, uniq_natasha

Skill      XL: |  1  2 |
---------------+-------+-----
Fire Magic     | 3 |  3.5
Spellcasting   | 2 |  2.2
Dodging        | 2 |  2.3
Stealth        | 2 |  2.0
Short Blades   | |  0.4
Armour         | |  0.4
Conjurations   | |  0.8

Action                   || total
-------------------------++-------
Melee: Dagger            ||    67
       Unarmed           ||     6
 Cast: Flame Tongue      ||    12
       Throw Flame       ||     1
  Use: Scroll            ||     5
       Potion            ||     1
 Stab: Sleeping          ||     3
  Eat: Ration            ||     1
Armor: Ring mail         ||    14
Dodge: Dodged            ||    64

Table legend:
 A = Non-vault XP
 B = Vault XP
 C = Vault XP percentage of total XP
 D = Non-vault monster count
 E = Vault monster count
 F = Vault count percentage of total count
                 A         B        C        D         E       F
            +---------+---------+-------+---------+---------+-------
      Total |      90 |       8 |   8.2 |      26 |       4 |  13.3
            +---------+---------+-------+---------+---------+-------
        D:1 |      15 |       0 |   0.0 |      10 |       0 |   0.0
        D:2 |      63 |       4 |   6.0 |       9 |       2 |  18.2
        D:3 |      12 |       4 |  25.0 |       7 |       2 |  22.2
            +---------+---------+-------+---------+---------+-------
